AoeStats
← Panzerkore

African Clearing

510913831Analyzed
4v4 RM · 10h ago on Oct 3, 2026· 32m 33s· 8 players
Game mode
Random Map
Map size
Large (8 player)
Population
200
Speed
Normal
Resources
Standard
Victory
Conquest
Starting age
Dark Age
Ending age
Imperial Age
RankedLock teamsTeams togetherTeam positionsShared explorationLock speedFull tech treeHidden civsTurbo modeCheats
Victory
Defeat
🇨🇱 Sicilians · Chile
1315
+13
🇺🇸 Japanese · United States
1231
+16
🇲🇽 Varangians · Mexico
1225
+16
🇲🇽 Varangians · Mexico
1162
+19
🇺🇸 Huns · United States
1423
-24
🇺🇸 Varangians · United States
1263
-17
🇺🇸 Franks · United States
1140
-12
🇺🇸 Celts · United States
1113
-11
Kryptonknight
13:32 Feudal Age
14:12 Double-Bit Axe
17:08 Castle Age
15:23 Horse Collar
16:17 Fletching
18:02 Bow Saw
18:00 Bodkin Arrow
19:38 Husbandry
21:57 Ballistics
28:53 Wheelbarrow
28:42 Loom
29:53 Thumb Ring
30:21 Heavy Plow
32:06 Hand Cart
Dark Gundam
9:06 Loom
14:15 Feudal Age
19:01 Castle Age
19:01 Bloodlines
19:43 Light Cavalry
De_Aztek
3:05 Loom
14:17 Feudal Age
15:48 Double-Bit Axe
19:59 Castle Age
17:55 Gold Mining
20:02 Scale Mail Armor
21:09 Chain Mail Armor
20:58 Squires
21:18 Pikeman
31:03 Forging
32:08 Wheelbarrow
GunsNroses
7:00 Loom
13:58 Feudal Age
19:41 Castle Age
18:18 Scale Mail Armor
18:22 Double-Bit Axe
19:58 Forging
21:07 Arson
21:08 Gambesons
24:26 Fletching
26:30 Chain Mail Armor
28:09 Wheelbarrow
29:46 Town Watch
33:39 Iron Casting
Howie
9:07 Loom
15:25 Feudal Age
19:24 Castle Age
17:38 Double-Bit Axe
Panzerkore
10:25 Loom
13:16 Feudal Age
13:23 Man-at-Arms
15:02 Arson
18:30 Scale Mail Armor
18:40 Forging
25:18 Castle Age
osteor10
9:04 Loom
13:43 Feudal Age
19:50 Castle Age
19:38 Scale Barding Armor
21:29 Husbandry
25:56 Husbandry
26:33 Man-at-Arms
27:36 Long Swordsman
31:38 Wheelbarrow
bkg45
11:03 Loom
14:21 Feudal Age
15:14 Double-Bit Axe
18:01 Castle Age
16:23 Horse Collar
18:58 Bow Saw
19:19 Heavy Plow
23:38 Town Watch
25:30 Fletching
29:55 Bodkin Arrow
Connection lost

Rejoining the realm…

Still unreachable

The connection could not be restored.

Session expired

The server has moved on; the page needs a fresh start.